 Dungeon Crawl Stone Soup version 0.32-a0-675-gdc239d62e1 (webtiles) character file.

Game seed: 7549596311140684199

119 AeshMezareph the Trooper (level 5, 0/63 HPs)
             Began as a Coglin Berserker on Mar 11, 2024.
             Was a Believer of Trog.
             Slain by a gnoll
             ... wielding a +0 halberd
              (12 damage)
             ... on level 3 of the Dungeon.
             The game lasted 00:04:12 (2369 turns).

AeshMezareph the Trooper (Coglin Berserker)         Turns: 2369, Time: 00:04:13

Health: 0/63       AC:  6    Str: 19    XL:     5   Next: 3%
Magic:  5/5        EV: 10    Int:  7    God:    Trog [**....]
Gold:   105        SH:  0    Dex: 13    Spells: 4/4 levels left

rFire   . . .        a - +0 hand axe {Qinisela}
rCold   . . .        h - +0 hand axe {Xochitl}
rNeg    . . .        g - +0 scale mail
rPois   .            (no helmet)
rElec   .            (no cloak)
rCorr   .            (no gloves)
SInv    .            (no boots)
Will    .....        (amulet unavailable) Stlth
                     (ring unavailable)
HPRegen 0.30/turn    (ring unavailable)
MPRegen 0.09/turn    (no gizmo)

%: no passive effects
@: berserking, revved, very quick
A: off-hand wielding, slow wielding, warmup strikes, no jewellery
a: Invent Gizmo, Renounce Religion, Berserk, Trog's Hand


You were on level 3 of the Dungeon.
You worshipped Trog.
Trog was pleased with you.
You visited 1 branch of the dungeon, and saw 3 of its levels.

You collected 105 gold pieces.

Inventory:

Hand Weapons
 a - a +0 hand axe (weapon) {Qinisela}
 h - a +0 hand axe (offhand) {Xochitl}
Armour
 b - a +0 animal skin
 e - a +0 ring mail
 g - a +0 scale mail (worn)
Scrolls
 i - a scroll of blinking {unknown}
Potions
 c - 2 potions of mutation {unknown}
 d - 2 potions of might {unknown}
 f - a potion of haste {unknown}
 j - a potion of heal wounds {unknown}
 k - a potion of curing {unknown}
 l - a potion of ambrosia {unknown}
 m - a potion of lignification {unknown}


   Skills:
 + Level 3.8 Fighting
 + Level 3.7 Axes
 + Level 2.7 Armour
 + Level 2.7 Dodging


You had 4 spell levels left.
You didn't know any spells.
Your spell library was empty.

Dungeon Overview and Level Annotations

Branches:
Dungeon (3/15)

Altars:
Trog


Innate Abilities, Weirdness & Mutations

You can wield a second weapon in your off-hand.
It takes a long time for you to wield or remove held weapons.
Your first few attacks do less damage.
You cannot equip rings or amulets.


Message History

You hit the endoplasm with your +0 hand axe.
You kill the endoplasm!
Trog accepts your kill.
No target in view!
Found a stone staircase leading down.
There is an open door here.
Found a club.
Found a hand axe.
Found a hand axe. 2 gnolls come into view.
The gnoll shouts!
Unknown command.
You hit the gnoll but do no damage. x2; The gnoll hits you but does no damage.
The gnoll barely misses you. x2
You hit the gnoll with your +0 hand axe.
The gnoll is lightly wounded.
You barely miss the gnoll with your +0 hand axe.
The gnoll closely misses you. The gnoll hits you with a +0 flail!
You hit the gnoll but do no damage.
The gnoll is lightly wounded.
You hit the gnoll with your +0 hand axe.
The gnoll hits you from afar with a +0 halberd.
The gnoll hits you with a +0 flail.
You hit the gnoll with your +0 hand axe.
The gnoll is moderately wounded.
You hit the gnoll with your +0 hand axe.
The gnoll barely misses you. The gnoll hits you with a +0 flail.
You hit the gnoll but do no damage.
The gnoll is severely wounded.
You hit the gnoll with your +0 hand axe.
You kill the gnoll!
Trog accepts your kill.
The gnoll hits you from afar with a +0 halberd!
* * * LOW HITPOINT WARNING * * *
The gnoll closely misses you.
You have reached level 5!
A red film seems to cover your vision as you go berserk!
You feel yourself moving faster!
You feel mighty!
The gnoll hits you from afar with a +0 halberd!
You die...

##### ##........#
#..........) ########.#
##.......... #.#
####......... . #.#
#...........# .). #.#
#.###.##...##
♣....♣♣###.# #.#
#.###.## .....gg..g.#
#.# #.# #.#
.♣..)♣♣###)#
#.###.###.# ... ####@#
#.........# # .
###..#.########....####
#.....................+
##...#.######......####
##.#..# ###.#.#..# #
###.## #....÷...# #.#
#.#.#.##.# #.#
#.#.#..#.# #.#
#.#.##.#.#


You could see a gnoll.

Vanquished Creatures
  An orc priest (D:3)
  A gnoll (D:3)
  3 adders
  A dart slug (D:1)
  4 orcs (D:3)
  3 endoplasms
  3 giant cockroaches
  4 goblins
  5 hobgoblins
  2 jackals (D:1)
  3 kobolds
  A quokka (D:1)
  7 ball pythons
  3 bats
  2 frilled lizards
  3 rats
46 creatures vanquished.

Notes
Turn   | Place    | Note
-------+----------+-------------------------------------------
     0 | D:1      | AeshMezareph the Coglin Berserker began the quest for the
                  | Orb.
     0 | D:1      | Reached XP level 1. HP: 18/18 MP: 1/1
   269 | D:1      | Reached XP level 2. HP: 21/24 MP: 2/2
   886 | D:2      | Reached XP level 3. HP: 29/29 MP: 3/3
  1713 | D:3      | Reached XP level 4. HP: 31/35 MP: 4/4
  1989 | D:3      | Found a bloodstained altar of Trog.
  2046 | D:3      | Reached ** piety under Trog
  2369 | D:3      | Reached XP level 5. HP: 8/42 MP: 5/5
  2369 | D:3      | Slain by a gnoll

Illustrated notes

Levels and vault maps discovered:
D:1:      shiori_arrival_elements, layout_basic, chequers_avenue
D:2:      layout_loops_cross
D:3:      layout_loops_corners, mainiacjoe_overflow_brackets,
          gammafunk_ghost_nasty_kobolds, minivault_4,
          pf_guarded_unrand_woodcutter

Skill      XL: |  1 |
---------------+----+-----
Armour         | 2 |  2.7
Dodging        | 2 |  2.7
Fighting       | |  3.8
Axes           | |  3.7

Action                     |  1- 3 |  4- 6 || total
---------------------------+-------+-------++-------
  Melee: Hand axe          |   122 |    50 ||   172
         Dagger            |    44 |       ||    44
 Invoke: Berserk           |       |     1 ||     1
 Armour: Animal skin       |    23 |       ||    23
         Ring mail         |     7 |       ||     7
         Scale mail        |    31 |    21 ||    52
  Dodge: Dodged            |    55 |    15 ||    70

Table legend: (Time is in decaauts)
 A = Elapsed time spent in this place.
 B = Non-inter-level travel time spent in this place.
 C = Inter-level travel time spent in this place.
 D = Time resting spent in this place.
 E = Time spent auto-exploring this place.
 F = Levels seen in this place.
 G = Mean time per level.
                   A        B        C        D        E       F      G
               +--------+--------+--------+--------+--------+-----+--------+
         Total |   2381 |   2321 |     60 |     74 |   1875 |   3 |  793.7 |
       Dungeon |   2381 |   2321 |     60 |     74 |   1875 |   3 |  793.7 |
               +--------+--------+--------+--------+--------+-----+--------+

Top non-repeatable levels by time:
     D:1: 883 daAuts
     D:3: 869 daAuts
     D:2: 628 daAuts
